 Dungeon Crawl Stone Soup version 0.17-a0-1176-g3d5a0d0 (webtiles) character file.

19 Hanyuu the Insei (level 2, 18/18 HPs)
             Began as an Octopode Transmuter on May 30, 2015.
             Quit the game on level 1 of the Dungeon.
             The game lasted 00:01:22 (968 turns).

Hanyuu the Insei (Octopode Transmuter)               Turns: 968, Time: 00:01:22

Health: 18/18      AC:  1    Str:  9    XL:     2   Next: 75%
Magic:  5/5        EV: 12    Int: 15    God:
Gold:   13         SH:  0    Dex: 12    Spells: 1 memorised, 4 levels left

rFire  . . .     SeeInvis .       - Unarmed
rCold  . . .     Clarity  .     (no shield)
rNeg   . . .     SustAt   .     (helmet restricted)
rPois  .         Gourm    .     (no amulet)
rElec  .         Spirit   .     (no ring)
rCorr  .         Warding  .     (no ring)
rMut   .         Stasis   .     (no ring)
MR     .....                    (no ring)
Stlth  ++........               (no ring)
                                (no ring)
                                (no ring)
                                (no ring)

@: not resistant to hostile enchantments, unstealthy
A: almost no armour, amphibious, 8 rings, constrict 8, camouflage 1, gelatinous
body 1
a: no special abilities


You were on level 1 of the Dungeon.
You were not hungry.

You visited 1 branch of the dungeon, and saw 1 of its levels.

You collected 13 gold pieces.

Inventory:

Missiles
 a - 12 arrows
Scrolls
 d - a scroll of remove curse {unknown}
 e - a scroll of teleportation {unknown}
 f - a scroll of identify {unknown}
 g - a scroll of blinking {unknown}
 h - a scroll of enchant armour {unknown}
 i - a scroll of enchant weapon {unknown}
 k - a scroll of fog {unknown}
Books
 b - a book of Changes

   Spells                             Type                      Level
   a - Beastly Appendage              Transmutation                1
   b - Sticks to Snakes               Transmutation                2
   c - Spider Form                    Transmutation/Poison         3
   d - Ice Form                       Ice/Transmutation            4
   e - Blade Hands                    Transmutation                5
Comestibles
 c - 2 bread rations
 j - 3 chunks of flesh


   Skills:
 - Level 1.0 Fighting
 - Level 2.0 Dodging
 + Level 3.9 Unarmed Combat
 - Level 2.0 Spellcasting
 - Level 2.0 Transmutations


You had 4 spell levels left.
You knew the following spells:

 Your Spells              Type           Power        Failure   Level  Hunger
a - Beastly Appendage     Trmt           #.....       12%         1    #......


Dungeon Overview and Level Annotations

Branches:
Dungeon (1/15)

Altars:
Xom


Innate Abilities, Weirdness & Mutations

You cannot wear most types of armour.
You are amphibious.
You can wear up to eight rings at the same time.
You can use your tentacles to constrict eight enemies at once.
Your skin changes colour to match your surroundings (Stealth).
Your rubbery body absorbs attacks (AC +1).


Message History

You closely miss the jackal. You grab the jackal.
You constrict the jackal, but do no damage.
The jackal bites you.
You tentacle-slap the jackal.
You kill the jackal!
You tentacle-slap the jackal.
You kill the jackal!
No target in view!
You see here a jackal corpse.
You butcher the jackal corpse.
j - 3 chunks of flesh You see here a jackal skeleton.
You see here a jackal skeleton.
Found a shimmering altar of Xom.
k - a scroll labeled EXKATO QUQAEPH You see here a giant gecko corpse.
You see here a ring mail.
Found 23 stones.
Done exploring.
Are you sure you want to abandon this character and quit the game? (Confirm with "yes".)

## #####
#######.# ##.##
###.# # #.#
#...###...####
### ### #.#
#.#..)....#...
##.# #.# #.#
#...###...#.##
...# #.# #(#
##### ##..#.##
#### #.# #.#
#....... #.#
#.# #.#.###.
#.### #.#
#.#.#.#. #...#
#@#######
#.#..#.. ###.#
#.......#
#.#.###. #.#
#######.###..##
## #>#
##.....## # #.#
#.[.....## ##
#.#
#.######.###.
#.# #.# ##.#.#
#.# #.# ##.##
##### #.# ##.##
#.#


There were no monsters in sight!

Vanquished Creatures
  2 giant geckos (D:1)
  A giant cockroach (D:1)
  A goblin (D:1)
  2 hobgoblins (D:1)
  2 kobolds (D:1)
  3 bats (D:1)
  2 giant newts (D:1)
  2 jackals (D:1)
  2 rats (D:1)
17 creatures vanquished.

Notes
Turn   | Place    | Note
--------------------------------------------------------------
     0 | D:1      | Hanyuu the Octopode Transmuter began the quest for the Orb.
     0 | D:1      | Reached XP level 1. HP: 13/13 MP: 3/3
   380 | D:1      | Reached XP level 2. HP: 13/18 MP: 5/5
   873 | D:1      | Found a shimmering altar of Xom.
   968 | D:1      | Quit the game

Vault maps used:
D:1:      minmay_arrival_hallway, xom_teletrap_fun

Action                   || total
-------------------------++-------
Melee: Unarmed           ||    34
 Cast: Beastly Appendage ||     2
 Stab: Sleeping          ||     2
